 Dungeon Crawl Stone Soup version 0.22.1-6-g1668fe2 (webtiles) character file.

147 Fang the Chopper (level 5, -1/49 HPs)
             Began as a Gargoyle Berserker on Jan 22, 2019.
             Was a Believer of Trog.
             Slain by an orc warrior
             ... wielding a +0 great sword
              (21 damage)
             ... on level 5 of the Dungeon.
             The game lasted 00:02:25 (2731 turns).

Fang the Chopper (Gargoyle Berserker)               Turns: 2731, Time: 00:02:26

Health: -1/49      AC:  6    Str: 26    XL:     5   Next: 29%
Magic:  5/5        EV: 12    Int:  8    God:    Trog [**....]
Gold:   86         SH:  0    Dex:  9    Spells: 4/4 levels left

rFire    . . .     SeeInvis .   a - +0 hand axe
rCold    + . .     Gourm    .   (no shield)
rNeg     + . .     Faith    .   b - +0 animal skin
rPois    ∞         Spirit   .   (no helmet)
rElec    +         Reflect  .   (no cloak)
rCorr    .         Harm     .   (no gloves)
MR       .....                  (no boots)
Stlth    ..........             (no amulet)
HPRegen  0.16/turn              d - ring of protection from cold
MPRegen  0.09/turn              (no ring)

@: berserking, very quick
A: negative energy resistance 1, electricity resistance, unbreathing,
petrification resistance, rot immunity, AC +4
a: Berserk, Trog's Hand, Renounce Religion


You were on level 5 of the Dungeon.
You worshipped Trog.
Trog was pleased with you.
You were hungry.

You visited 1 branch of the dungeon, and saw 4 of its levels.

You collected 86 gold pieces.

Inventory:

Hand Weapons
 a - a +0 hand axe (weapon)
Armour
 b - a +0 animal skin (worn)
Jewellery
 d - a ring of protection from cold (left hand)
Scrolls
 e - 4 scrolls of teleportation {unknown}
 h - 3 scrolls of identify {unknown}
 i - a scroll of remove curse {unknown}
 j - a scroll of enchant weapon {unknown}
Potions
 f - a potion of degeneration {unknown}
 g - a potion of curing {unknown}
 k - a potion of flight {unknown}
Comestibles
 c - 5 rations


   Skills:
 + Level 3.9 Fighting
 + Level 4.4 Axes
 + Level 2.2 Armour
 + Level 2.3 Dodging
 + Level 0.6 Stealth


You had 4 spell levels left.
You didn't know any spells.
Your spell library was empty.

Dungeon Overview and Level Annotations

Branches:
Dungeon (3/15)

Altars:


Innate Abilities, Weirdness & Mutations

You are resistant to torment.
Your stone body is resilient. (AC +4)
You are immune to poison.
You resist negative energy. (rN+)
You are resistant to electric shocks. (rElec)
You can survive without breathing.
You are immune to petrification.
You are immune to rotting.


Message History

You are too injured to fight recklessly!
Unknown command.
You are too injured to fight recklessly!
You closely miss the wight.
The wight is moderately damaged.
You barely miss the orc warrior. The wight hits you but does no damage.
Unknown command.
The wight blocks your attack.
The wight is moderately damaged.
You hit the orc warrior. The orc warrior closely misses you.
Unknown command.
You hit the wight but do no damage.
The wight is moderately damaged.
You hit the orc warrior. The wight barely misses you.
Unknown command.
You barely miss the wight.
The wight is moderately damaged.
You hit the orc warrior.
The orc warrior hits you with a great sword!!
You die...

##.#...#..###.....#
......#..###.#.###
#.#...#.#...##.# #
##.#...#.######.#
#.#......#.# #.#
#.>........# #.#
###.#.##.#####
#.#####
.........#### #..
... ##.<.....@zz#
### #.#
#....#..#o......
#..
....?....#og.....
###
.###..#.##..###..
#..#.# ..# #.. #.
... $.## .. . ####
..... . ## ... ..


You could see 2 orc warriors, a gnoll sergeant and 2 wights.

Vanquished Creatures
  A crimson imp (D:5)
  A bullfrog zombie (D:5)
  Ijyb (D:5)
  An adder (D:2)
  2 worms (D:2)
  3 dart slugs
  2 leopard geckos (D:1)
  6 bats
  2 giant cockroaches
  9 goblins
  2 hobgoblins (D:1)
  2 ball pythons (D:2)
  A frilled lizard (D:1)
  A jackal skeleton (D:5)
  3 kobolds
  6 rats
43 creatures vanquished.

Notes
Turn   | Place    | Note
-------+----------+-------------------------------------------
     0 | D:1      | Fang the Gargoyle Berserker began the quest for the Orb.
     0 | D:1      | Reached XP level 1. HP: 14/14 MP: 1/1
   127 | D:1      | Reached XP level 2. HP: 5/19 MP: 2/2
   360 | D:1      | Reached skill level 3 in Axes
   774 | D:1      | Reached XP level 3. HP: 23/23 MP: 3/3
  1151 | D:2      | Reached ** piety under Trog
  1843 | D:2      | Reached XP level 4. HP: 20/28 MP: 4/4
  2113 | D:3      | You fall through a shaft for 2 floors!
  2113 | D:5      | Entered Level 5 of the Dungeon
  2159 | D:5      | Reached skill level 4 in Axes
  2279 | D:5      | Noticed Ijyb
  2283 | D:5      | Reached XP level 5. HP: 26/33 MP: 5/5
  2380 | D:5      | Killed Ijyb
  2722 | D:5      | Noticed an orc warrior
  2724 | D:5      | Noticed an orc warrior
  2731 | D:5      | Slain by an orc warrior

Skill      XL: |  1  2  3  4 |
---------------+-------------+-----
Axes           | 3 4 |  4.4
Dodging        | 2 |  2.3
Fighting       | |  3.9
Armour         | |  2.2
Stealth        | |  0.6

Action                   |  1- 3 |  4- 6 || total
-------------------------+-------+-------++-------
Melee: Hand axe          |   120 |    78 ||   198
Invok: Berserk           |       |     1 ||     1
  Eat: Chunk             |     3 |     3 ||     6
Armor: Animal skin       |    44 |    47 ||    91
Dodge: Dodged            |    88 |    48 ||   136
